 Dungeon Crawl Stone Soup version 0.31.0-9-g3a7656b989 (webtiles) character file.

Game seed: 9941768593938938227

40 qw the Shooter (level 3, -1/20 HPs)
             Began as a Deep Elf Hunter on Feb 2, 2024.
             Succumbed to their own poison gas
             ... on level 1 of the Dungeon.
             The game lasted 00:00:02 (849 turns).

qw the Shooter (Deep Elf Hunter)                     Turns: 849, Time: 00:00:03

Health: -1/20      AC:  7    Str: 10    XL:     3   Next: 30%
Magic:  5/5        EV: 11    Int: 13    God:
Gold:   52         SH:  0    Dex: 18    Spells: 2/2 levels left

rFire   . . .        a - +0 shortbow
rCold   . . .        (shield currently unavailable)
rNeg    . . .        d - +0 ring mail
rPois   .            (no helmet)
rElec   .            l - +1 cloak
rCorr   .            (no gloves)
SInv    .            (no boots)
Will    .....        (no amulet)
Stlth   +            (no ring)
HPRegen 0.23/turn    (no ring)
MPRegen 0.09/turn

%: no passive effects
@: lethally poisoned (-1 -> -6)
A: subdued magic 1
a: no special abilities


You were on level 1 of the Dungeon.
You visited 1 branch of the dungeon, and saw 1 of its levels.

You collected 52 gold pieces.


Innate Abilities, Weirdness & Mutations

Your spells are a little easier to cast, but a little less powerful.


   Skills:
 - Level 1.5 Fighting
 + Level 6.9 Ranged Weapons
 - Level 2.4 Dodging
 - Level 1.2 Stealth


You had 2 spell levels left.
You didn't know any spells.
Your spell library was empty.

Inventory:

Hand Weapons
 a - a +0 shortbow (weapon)
Armour
 d - a +0 ring mail (worn)
 l - a +1 cloak (worn)
Potions
 f - a potion of mutation
 j - a potion of cancellation {unknown}

Dungeon Overview and Level Annotations

Branches:
Dungeon (1/15)

Altars:


Message History

As you read the scroll labelled JERADO MEFUCW, it crumbles to dust.
It was a scroll of blinking.
Done exploring.
842 ||| READING scroll labelled PEREUN GAKKINEQUO.
As you read the scroll labelled PEREUN GAKKINEQUO, it crumbles to dust.
It is a scroll of enchant armour.
842 ||| ENCHANTING +0 cloak.
Your +0 cloak glows green for a moment.
Done exploring.
843 ||| DRINKING 2 glowing clear potions.
It was a potion of mutation.
You feel extremely strange.
Your connection to magic feels subdued.
Done exploring.
844 ||| DROPPING scroll of butterflies.
You drop a scroll of butterflies.
Done exploring.
What level of the Dungeon? (default 1, ? - help) Sorry, I don't know how to get there.
Enter note:
Enter note:
Enter note:
Enter note:
Enter note:
Enter note:
Enter note:
Enter note:
Enter note:
Enter note:
Enter note:
Enter note: You are engulfed in poison gas.
You are poisoned.
You feel very sick.
846 ||| Stepping ~*~*~tactically~*~*~ (cloud).
You feel very sick.
Things that are here:
a scroll of butterflies; a +0 leather armour
There is a lethal amount of poison in your body!
You feel sick.
There is a lethal amount of poison in your body!
You feel sick.
There is a lethal amount of poison in your body!
You die...

### ..#########
..........#
..#######.# ..# #.#
.## #.# .#
#.######## .#
#.##....0# .#
####.######@## .#
#.##¤¤0.¤0¤.0#
.#####...0#########
..).......>)(.....#
######.###.#####.##
#......# #.#
#####..# #.#
#..####.# #.%.....#


There were no monsters in sight!

Vanquished Creatures
  A gnoll (D:1)
  A dart slug (D:1)
  5 endoplasms (D:1)
  2 giant cockroaches (D:1)
  3 goblins (D:1)
  A hobgoblin (D:1)
  3 jackals (D:1)
  2 kobolds (D:1)
  A quokka (D:1)
  A bat (D:1)
  2 frilled lizards (D:1)
  4 rats (D:1)
26 creatures vanquished.

Notes
Turn   | Place    | Note
-------+----------+-------------------------------------------
     0 | D:1      | qw the Deep Elf Hunter began the quest for the Orb.
     0 | D:1      | Reached XP level 1. HP: 12/12 MP: 3/3
     0 | D:1      | 0 ||| qw: Version: 0.3-a-155-g5e7d8dd
     0 | D:1      | 0 ||| qw: Game counter: 843
     0 | D:1      | 0 ||| qw: Melee chars always use a shield: true
     0 | D:1      | 0 ||| qw: God list: Okawaru
     0 | D:1      | 0 ||| qw: Allow faded altars: false
     0 | D:1      | 0 ||| qw: Do Orc after clearing Dungeon:15 true
     0 | D:1      | 0 ||| qw: Do second Lair branch before Depths: true
     0 | D:1      | 0 ||| qw: Lair rune preference: random
     0 | D:1      | 0 ||| qw: Goals: Normal
     0 | D:1      | 0 ||| PLANNING D:1-11
   225 | D:1      | Reached skill level 6 in Ranged Weapons
   225 | D:1      | Reached XP level 2. HP: 16/16 MP: 4/4
   483 | D:1      | Reached XP level 3. HP: 20/20 MP: 5/5
   822 | D:1      | 822 ||| UPGRADING to +0 ring mail.
   832 | D:1      | 832 ||| DROPPING +0 leather armour.
   833 | D:1      | 833 ||| UPGRADING to +0 cloak.
   838 | D:1      | 838 ||| READING scroll labelled POPURU XEOQO.
   839 | D:1      | 839 ||| READING scroll labelled YCHYLAVVOCKET.
   840 | D:1      | 840 ||| READING scroll labelled YHOTSA NENKUSU.
   841 | D:1      | 841 ||| READING scroll labelled JERADO MEFUCW.
   842 | D:1      | 842 ||| READING scroll labelled PEREUN GAKKINEQUO.
   842 | D:1      | 842 ||| ENCHANTING +0 cloak.
   843 | D:1      | 843 ||| DRINKING 2 glowing clear potions.
   843 | D:1      | Gained mutation: Your spells are a little easier to cast,
                  | but a little less powerful. [potion of mutation]
   844 | D:1      | 844 ||| DROPPING scroll of butterflies.
   846 | D:1      | 846 ||| Stepping ~*~*~tactically~*~*~ (cloud).
   846 | D:1      | HP: 5/20 [poisoned by you (poison gas)]
   848 | D:1      | HP: 1/20 [poisoned by you (poison gas)]
   849 | D:1      | Succumbed to their own poison gas

Levels and vault maps discovered:
D:1:      arrival_zaba_pyramid, layout_basic

Skill      XL: |  1 |
---------------+----+-----
Ranged Weapons | 6 |  6.9
Fighting       | |  1.5
Dodging        | |  2.4
Stealth        | |  1.2

Action                     || total
---------------------------++-------
   Fire: Shortbow          ||    62
    Use: Scroll            ||     5
         Potion            ||     1
 Armour: Leather armour    ||     3
  Dodge: Dodged            ||     5

Table legend:
 A = Non-vault XP
 B = Vault XP
 C = Vault XP percentage of total XP
 D = Non-vault monster count
 E = Vault monster count
 F = Vault count percentage of total count
                 A         B        C        D         E       F
            +---------+---------+-------+---------+---------+-------
      Total |      58 |       0 |   0.0 |      26 |       0 |   0.0
            +---------+---------+-------+---------+---------+-------
        D:1 |      58 |       0 |   0.0 |      26 |       0 |   0.0
            +---------+---------+-------+---------+---------+-------
